 Dungeon Crawl Stone Soup version 0.31.0-9-g3a7656b989 (webtiles) character file.

Game seed: 8276954469393996476

226 qw the Skirmisher (level 5, -2/30 HPs)
             Began as a Deep Elf Hunter on Feb 2, 2024.
             Slain by an orc
             ... wielding a +0 falchion
              (4 damage)
             ... on level 3 of the Dungeon.
             The game lasted 00:00:06 (1474 turns).

qw the Skirmisher (Deep Elf Hunter)                 Turns: 1474, Time: 00:00:07

Health: -2/30      AC: 10    Str: 10    XL:     5   Next: 69%
Magic:  7/7        EV: 11    Int: 14    God:
Gold:   78         SH:  0    Dex: 18    Spells: 4/4 levels left

rFire   . . .        a - +0 shortbow
rCold   . . .        (shield currently unavailable)
rNeg    . . .        h - +0 ring mail
rPois   .            (no helmet)
rElec   .            c - +1 cloak
rCorr   .            e - +2 pair of gloves
SInv    .            (no boots)
Will    .....        (no amulet)
Stlth   +            (no ring)
HPRegen 0.25/turn    (no ring)
MPRegen 0.10/turn

%: no passive effects
@: no status effects
A: no striking features
a: no special abilities


You were on level 3 of the Dungeon.
You visited 1 branch of the dungeon, and saw 3 of its levels.

You collected 108 gold pieces.
You spent 30 gold pieces at shops.


   Skills:
 - Level 2.0 Fighting
 - Level 9.0 Ranged Weapons
 + Level 0.3 Armour
 - Level 2.4 Dodging
 - Level 1.2 Stealth


You had 4 spell levels left.
You didn't know any spells.
Your spell library was empty.

Inventory:

Hand Weapons
 a - a +0 shortbow (weapon)
Armour
 c - a +1 cloak (worn)
 e - a +2 pair of gloves (worn)
 h - a +0 ring mail (worn)
Potions
 b - 3 potions of curing
 d - a potion of berserk rage {unknown}
 g - a potion of attraction {unknown}
 i - a potion of brilliance {unknown}
 k - a potion of cancellation {unknown}
 l - a potion of might

Dungeon Overview and Level Annotations

Branches:
Dungeon (3/15)

Altars:

Shops:
D:2 *


Message History

The orc wizard is almost dead.
The adder barely misses you. The orc wizard casts a spell at you.
The puff of flame misses you. The orc hits you but does no damage.
The adder bites you.
You are poisoned.
The adder poisons you!
You shoot an arrow. The arrow hits the orc wizard.
You kill the orc wizard!
You feel sick. The orc misses you. The adder closely misses you.
Your Fighting skill increases to level 2!
You shoot an arrow. The arrow hits the adder.
The adder is lightly wounded.
You feel sick. The adder closely misses you. The orc barely misses you. x2
You shoot an arrow. The arrow hits the adder.
The adder is heavily wounded.
You feel sick. The adder bites you but does no damage.
The orc hits you with a +0 hand axe. The orc barely misses you.
The adder barely misses you.
You shoot an arrow. The arrow hits the adder!
You kill the adder!
You feel sick.
You are no longer poisoned.
The orc hits you but does no damage.
The orc wizard casts a spell.
The orc wizard flickers and vanishes!
Deactivating autopickup; reactivate with Ctrl-A.
The orc hits you but does no damage. The orc hits you with a +0 falchion.
You shoot an arrow. The arrow hits the orc.
The orc is almost dead.
The orc barely misses you.
You shoot an arrow. The arrow barely misses the orc.
The orc hits you with a +0 hand axe.
You hear some strange, mumbled words.
A magic dart appears from out of thin air!
The magic dart hits you. The orc hits you with a +0 falchion.
You shoot an arrow. The arrow closely misses the orc.
The orc hits you but does no damage. Something hits you but does no damage.
The orc hits you with a +0 falchion.
You die...

~.......####...#
...........'...+
#..##....####...#
#.###....## #...#
..........# #...#
........#####...+
............#...#
#####.#o#####.).#
#..o@)$......
#.#{#######.
#.#.# # #.# #.#
... %## .


You could see 2 orcs.

Vanquished Creatures
  A bombardier beetle (D:3)
  An orc priest (D:3)
  Terence (D:3)
  An orc wizard (D:3)
  4 adders
  2 dart slugs (D:1)
  5 endoplasms
  3 giant cockroaches
  8 goblins
  6 hobgoblins
  7 jackals (D:2)
  4 kobolds (D:1)
  2 quokkas (D:1)
  2 ball pythons (D:1)
  7 bats
  6 frilled lizards
  7 rats
67 creatures vanquished.

Notes
Turn   | Place    | Note
-------+----------+-------------------------------------------
     0 | D:1      | qw the Deep Elf Hunter began the quest for the Orb.
     0 | D:1      | Reached XP level 1. HP: 12/12 MP: 3/3
     0 | D:1      | 0 ||| qw: Version: 0.3-a-155-g5e7d8dd
     0 | D:1      | 0 ||| qw: Game counter: 1575
     0 | D:1      | 0 ||| qw: Melee chars always use a shield: true
     0 | D:1      | 0 ||| qw: God list: Okawaru
     0 | D:1      | 0 ||| qw: Allow faded altars: false
     0 | D:1      | 0 ||| qw: Do Orc after clearing Dungeon:15 true
     0 | D:1      | 0 ||| qw: Do second Lair branch before Depths: true
     0 | D:1      | 0 ||| qw: Lair rune preference: random
     0 | D:1      | 0 ||| qw: Goals: Normal
     0 | D:1      | 0 ||| PLANNING D:1-11
    47 | D:1      | Reached XP level 2. HP: 16/16 MP: 4/4
    50 | D:1      | Reached skill level 6 in Ranged Weapons
   196 | D:1      | Reached XP level 3. HP: 17/20 MP: 5/5
   514 | D:1      | 514 ||| UPGRADING to +0 pair of gloves.
   519 | D:1      | 519 ||| UPGRADING to +0 ring mail.
   529 | D:1      | 529 ||| DROPPING +0 leather armour.
   530 | D:1      | 530 ||| DROPPING ring of wizardry.
   531 | D:1      | 531 ||| READING 2 scrolls labelled DUCKIG OLIY.
   531 | D:1      | 531 ||| ENCHANTING +0 pair of gloves.
   532 | D:1      | 532 ||| READING scroll of enchant armour.
   532 | D:1      | 532 ||| ENCHANTING +1 pair of gloves.
   533 | D:1      | 533 ||| READING scroll labelled OHOUJE MEYBAAV.
   537 | D:1      | 537 ||| DROPPING scroll of butterflies.
   552 | D:2      | Reached skill level 7 in Ranged Weapons
   570 | D:2      | Found Wyvych's General Store.
   575 | D:2      | 575 ||| SHOPLISTING +1 ring mail of poison resistance (130
                  | gold, have 54).
   575 | D:2      | 575 ||| SHOPLISTING +2 robe of fire resistance (177 gold,
                  | have 54).
   575 | D:2      | 575 ||| BUYING potion of curing (30 gold).
   575 | D:2      | Bought a potion of curing for 30 gold pieces
   575 | D:2      | 575 ||| SHOPLISTING potion of haste (100 gold, have 24).
   575 | D:2      | 575 ||| SHOPLISTING ring of ice (250 gold, have 24).
   809 | D:2      | Reached XP level 4. HP: 25/25 MP: 6/6
  1370 | D:2      | 1370 ||| UPGRADING to +1 cloak.
  1375 | D:2      | 1375 ||| READING scroll labelled ZEUTOT ZESCHENE.
  1376 | D:2      | 1376 ||| READING 2 scrolls labelled ESAEKK ZIWE.
  1377 | D:2      | 1377 ||| DRINKING 2 fuming pink potions.
  1378 | D:2      | 1378 ||| DROPPING scroll of noise.
  1395 | D:3      | Reached skill level 8 in Ranged Weapons
  1449 | D:3      | Reached XP level 5. HP: 29/29 MP: 7/7
  1449 | D:3      | Noticed Terence
  1457 | D:3      | Killed Terence
  1464 | D:3      | Reached skill level 9 in Ranged Weapons
  1473 | D:3      | HP: 6/30 [something/magic dart (2)]
  1473 | D:3      | HP: 2/30 [orc/+0 falchion (4)]
  1474 | D:3      | Slain by an orc

Levels and vault maps discovered:
D:1:      psy_arrival_statuary, layout_basic, minmay_cut_off
D:2:      layout_loops_corners, serial_shops, shop, minmay_misc_feat_roman
D:3:      layout_basic, serial_bayou, serial_bayou_lagoon_a,
          serial_bayou_shore_b, serial_bayou_shore_b, serial_bayou_pond_e,
          reono_crystal_passage, uniq_terence

Skill      XL: |  1  2  3  4  5 |
---------------+----------------+-----
Ranged Weapons | 6 7 8 9 |  9.0
Fighting       | 2 |  2.0
Armour         | |  0.3
Dodging        | |  2.4
Stealth        | |  1.2

Action                     |  1- 3 |  4- 6 || total
---------------------------+-------+-------++-------
   Fire: Shortbow          |    93 |    77 ||   170
    Use: Scroll            |     3 |     2 ||     5
         Potion            |       |     1 ||     1
 Armour: Leather armour    |    14 |       ||    14
         Ring mail         |       |    38 ||    38
  Dodge: Dodged            |    19 |    38 ||    57

Table legend:
 A = Non-vault XP
 B = Vault XP
 C = Vault XP percentage of total XP
 D = Non-vault monster count
 E = Vault monster count
 F = Vault count percentage of total count
                 A         B        C        D         E       F
            +---------+---------+-------+---------+---------+-------
      Total |     277 |      47 |  14.5 |      60 |       7 |  10.4
            +---------+---------+-------+---------+---------+-------
        D:1 |      48 |      11 |  18.6 |      28 |       6 |  17.6
        D:2 |      78 |       0 |   0.0 |      24 |       0 |   0.0
        D:3 |     151 |      36 |  19.3 |       8 |       1 |  11.1
            +---------+---------+-------+---------+---------+-------
